 Dungeon Crawl Stone Soup version 0.29.1-12-g30fa7ad0bf (webtiles) character file.

Game seed: 9106191717653217525

1753 javelincjr the Chopper (level 8, -2/54 HPs)
             Began as a Demonspawn Gladiator on Jan 9, 2023.
             Constricted to death by Eustachio (5 damage)
             ... on level 6 of the Dungeon.
             The game lasted 00:21:37 (4735 turns).

javelincjr the Chopper (Demonspawn Gladiator)       Turns: 4735, Time: 00:21:39

Health: -2/54      AC:  0    Str: 22    XL:     8   Next: 78%
Magic:  8/8        EV:  9    Int:  7    God:
Gold:   232        SH: 11    Dex: 21    Spells: 7/7 levels left

rFire   . . .      SeeInvis .   a - +1 war axe (spect)
rCold   . . .      Faith    .   t - +0 buckler
rNeg    + + +      Spirit   .   h - +0 scale mail
rPois   .          Reflect  .   (helmet restricted)
rElec   .          Harm     .   (no cloak)
rCorr   .          Rampage  .   (no gloves)
Will    .....                   z - +0 pair of boots
Stlth   +.........              (no amulet)
HPRegen 0.18/turn               j - +6 ring of dexterity
MPRegen 0.11/turn               g - ring "Plog" {Fly rN+++ Str+6 Int-3 Slay-2}

@: about to teleport, grasped by roots, corroded, flying, constricted
A: antennae 1, large bone plates 2, powered by death 2, talons 1, frail 1
a: no special abilities


You were on level 6 of the Dungeon.
You visited 2 branches of the dungeon, and saw 7 of its levels.

You collected 257 gold pieces.
You spent 25 gold pieces at shops.

Inventory:

Hand Weapons
 a - a +1 spectral war axe (weapon)
 o - a +0 dagger of venom
 C - a +4 short sword
Missiles
 d - 3 throwing nets
 e - a javelin
 n - 40 stones
 A - 3 boomerangs (quivered)
 B - 2 silver boomerangs
Armour
 c - a +0 helmet
 h - a +0 scale mail (worn)
 t - a +0 buckler (worn)
 z - a +0 pair of boots (worn)
Jewellery
 b - a ring of magical power
 g - the ring "Plog" (right hand) {Fly rN+++ Str+6 Int-3 Slay-2}
   (You acquired it on level 6 of the Dungeon)

   [ring of flight]

   Str:       It affects your strength (+6).
   Int:       It affects your intelligence (-3).
   Slay:      It affects your accuracy & damage with ranged weapons and melee
   (-2).
   rN:        It renders you almost immune to negative energy.
   Fly:       It grants you flight.
 j - a +6 ring of dexterity (left hand)
 y - a ring of poison resistance
Scrolls
 i - 2 scrolls of butterflies
 l - a scroll of brand weapon
 m - 2 scrolls of amnesia
 p - a scroll of torment {unknown}
 q - 2 scrolls of teleportation
 r - a scroll of identify
Potions
 f - a potion of magic
 k - a potion of cancellation
 u - 4 potions of curing {unknown}
 v - a potion of might {unknown}
 w - 2 potions of flight {unknown}
 x - a potion of attraction {unknown}


   Skills:
 + Level 4.7 Fighting
 + Level 7.6 Axes
 + Level 1.8 Throwing
 + Level 4.2 Armour
 + Level 4.0 Dodging
 + Level 1.7 Stealth
 + Level 2.3 Shields


You had 7 spell levels left.
You didn't know any spells.
Your spell library contained the following spells:

 Spells                   Type           Power      Damage    Failure   Level
 Frozen Ramparts          Ice            0%         1d1       99%         3
 Corpse Rot               Necr/Pois/Air  0%         N/A       100%        4
 Dispel Undead            Necr           0%         3d6       100%        4
 Ice Form                 Ice/Tmut       0%         N/A       100%        4
 Summon Ice Beast         Ice/Summ       0%         N/A       100%        4
 Death Channel            Necr           0%         N/A       100%        6


Dungeon Overview and Level Annotations

Branches:
Dungeon (6/15)             Temple (1/1) D:4

Altars:
Ashenzari
Cheibriados
Fedhas
Hepliaklqana
Kikubaaqudgha
Makhleb
Nemelex Xobeh
Qazlal
Ru
Sif Muna
Uskayaw
Wu Jian
Xom
Yredelemnul

Shops:
D:6 *

Annotations:
D:6 Eustachio


Innate Abilities, Weirdness & Mutations

You have a pair of small antennae on your head.
You are mostly covered in large bone plates. (SH +6)
You regenerate health from kills.
You have sharp toenails.
You are frail. (-10% HP)


Message History

The quokka's corpse disappears in a puff of smoke!
You hit the gnoll.
Your +1 spectral war axe hits the gnoll.
The gnoll closely misses your +1 spectral war axe.
The grasping roots constrict you.
You barely miss the kobold demonologist.
You closely miss the gnoll.
Your +1 spectral war axe hits the gnoll!
You kill the gnoll!
Your +1 spectral war axe closely misses the kobold demonologist.
The grasping roots constrict you.
You block the kobold demonologist's attack.
You block the river rat's attack.
The grasping roots release their grip on you.
The river rat attacks as you move away! The river rat bites you.
The rust devil attacks as you move away!
The rust devil hits you. The rust devil corrodes you!
You block Eustachio's attack.
The kobold demonologist gestures wildly while chanting.
You hit Eustachio but do no damage.
You hit the rust devil but do no damage.
Eustachio zaps a wand.
The roots erupt in riotous growth!
The grasping roots grab you!
The rust devil is unaffected.
Eustachio is unaffected.
The grasping roots constrict you. The rust devil hits you!
The rust devil corrodes you!
You hit Eustachio.
Eustachio is lightly wounded.
You barely miss the rust devil. Eustachio hits you with a +0 falchion.
The grasping roots constrict you. You block the rust devil's attack.
The kobold demonologist mumbles some strange words.
You block Eustachio's attack. The grasping roots constrict you.
Okay, then.
As you read the scroll of teleportation, it crumbles to dust.
You feel strangely unstable. The rust devil hits you!
* * * LOW HITPOINT WARNING * * *
The rust devil corrodes you! Eustachio hits you with a +0 falchion!
* * * LOW HITPOINT WARNING * * *
The grasping roots constrict you.
You die...

#. #. . ..##### .# #.#...#
..' ###.###.. ....#.# ...
......#.####.#3#.# ..
...........#.#K#.##.###
......#.##.#.#34@.....#
..... #.##.#.#r#@##.#.#
...^ #.##.#.#.#..# ..
##.####.##.#.#)##.#####
..[).........).##.#...#.#.
##.###..##.#+#.§..........
#.# #'###.....##.#.#.#.##
##.###∩###........#.#
..########.....####.#
........#......# '#


You could see a rust devil (summoned), Eustachio, a kobold demonologist, a
sixfirhy (summoned) and a neqoxec (summoned).

Vanquished Creatures
  The ghost of FatusPotatus the Chopper, an amateur HOMo (D:4)
  Sigmund (D:6)
  A steam dragon (D:6)
  Menkaure (D:4)
  A black bear (D:6)
  An ogre (D:5)
  2 centaurs (D:5)
  A phantom (D:4)
  A necrophage (D:5)
  2 scorpions
  A wight (D:6)
  A water moccasin skeleton (D:4)
  A howler monkey (D:6)
  3 hounds
  An orc priest (D:5)
  A centaur skeleton (D:4)
  A gnoll bouda (D:6)
  2 iguanas (D:5)
  A mummy (D:4)
  3 gnolls (D:6)
  6 adders
  2 worms
  2 dart slugs (D:2)
  5 orcs
  8 ball pythons
  8 endoplasms
  3 giant cockroaches
  7 goblins
  11 hobgoblins
  4 jackals (D:1)
  2 quokkas
  8 bats
  16 frilled lizards
  5 kobolds
  5 rats
119 creatures vanquished.

Vanquished Creatures (others)
  6 plants (D:3)
6 creatures vanquished.

Grand Total: 125 creatures vanquished

Notes
Turn   | Place    | Note
-------+----------+-------------------------------------------
     0 | D:1      | javelincjr the Demonspawn Gladiator began the quest for the
                  | Orb.
     0 | D:1      | Reached XP level 1. HP: 16/16 MP: 1/1
   361 | D:1      | Reached skill level 3 in Axes
   361 | D:1      | Gained mutation: You regenerate a little health from kills.
                  | [demonic ancestry]
   361 | D:1      | Reached XP level 2. HP: 22/22 MP: 2/2
   976 | D:2      | Gained mutation: You regenerate health from kills. [demonic
                  | ancestry]
   976 | D:2      | Reached XP level 3. HP: 27/27 MP: 3/3
  1449 | D:2      | Gained mutation: You have a pair of small antennae on your
                  | head. [demonic ancestry]
  1449 | D:2      | Reached XP level 4. HP: 29/34 MP: 4/4
  2062 | D:3      | Found a shimmering altar of Xom.
  2345 | D:4      | Found a staircase to the Ecumenical Temple.
  2350 | D:4      | Noticed Menkaure
  2355 | D:4      | Reached skill level 4 in Axes
  2358 | D:4      | Killed Menkaure
  2359 | D:4      | Reached skill level 1 in Armour
  2359 | D:4      | Reached XP level 5. HP: 41/41 MP: 5/5
  2360 | Temple   | Entered the Ecumenical Temple
  2731 | Temple   | Gained mutation: You are frail. (-10% HP) [potion of
                  | mutation]
  2731 | Temple   | Gained mutation: You have sharp toenails. [potion of
                  | mutation]
  2731 | Temple   | Gained mutation: You do not regenerate when monsters are
                  | visible. [potion of mutation]
  2731 | Temple   | Lost mutation: You do not regenerate when monsters are
                  | visible. [potion of mutation]
  2891 | D:4      | Gained mutation: You are partially covered in large bone
                  | plates. (SH +4) [demonic ancestry]
  2891 | D:4      | Reached XP level 6. HP: 32/42 MP: 6/6
  3007 | D:4      | Found a transporter.
  3009 | D:4      | Noticed FatusPotatus's ghost (amateur HOMo)
  3125 | D:4      | Found a transporter.
  3194 | D:4      | Reached skill level 5 in Axes
  3550 | D:4      | Reached skill level 1 in Stealth
  3554 | D:4      | Killed FatusPotatus's ghost
  3555 | D:4      | Gained mutation: You are mostly covered in large bone
                  | plates. (SH +6) [demonic ancestry]
  3555 | D:4      | Reached XP level 7. HP: 47/47 MP: 7/7
  3619 | D:5      | Entered Level 5 of the Dungeon
  3696 | D:5      | Reached skill level 6 in Axes
  4134 | D:5      | Reached XP level 8. HP: 54/54 MP: 8/8
  4507 | D:6      | Found Hehisoh's Assorted Antiques.
  4528 | D:6      | Noticed Sigmund
  4539 | D:6      | Reached skill level 1 in Shields
  4544 | D:6      | Killed Sigmund
  4545 | D:6      | Reached skill level 7 in Axes
  4555 | D:6      | Bought a scroll labelled VAKHLU AXZUCH for 25 gold pieces
  4556 | D:6      | Identified a scroll of acquirement
  4556 | D:6      | Acquired the ring "Plog" {Fly rN+++ Str+6 Int-3 Slay-2}
  4674 | D:6      | Noticed Eustachio
  4708 | D:6      | HP: 1/54 [constriction (3)]
  4728 | D:6      | Noticed a kobold demonologist
  4729 | D:6      | Noticed a rust devil
  4735 | D:6      | Noticed a sixfirhy
  4735 | D:6      | Constricted to death by Eustachio

Illustrated notes

Levels and vault maps discovered:
D:1:      matt_arrival_spirals, layout_loops_ring
D:2:      layout_basic, minmay_close_crescents
D:3:      layout_loops_ring, mainiacjoe_overflow_paths, serial_glass,
          glass_columns_a, glass_columns_a, minmay_lizard_king
D:4:      layout_basic, temple_statues, gammafunk_ghost_mausoleum,
          kennysheep_generic_room_8, uniq_menkaure
D:5:      layout_basic, sigmund_army
D:6:      layout_basic, serial_shops, nicolae_shop_window_shopping,
          amcnicky_mini_corridor_feature, hangedman_minor_gate_pass,
          uniq_sigmund, uniq_eustachio
Temple:   minmay_temple_bridge_d

Skill      XL: |  1  2  3  4  5  6  7  8 |
---------------+-------------------------+-----
Axes           | 3 4 5 6 7 |  7.6
Dodging        | 3 4 |  4.0
Fighting       | 3 4 |  4.7
Armour         | 1 2 3 4 |  4.2
Stealth        | 1 |  1.7
Shields        | 2 |  2.3
Throwing       | |  1.8

Action                   |  1- 3 |  4- 6 |  7- 9 || total
-------------------------+-------+-------+-------++-------
Melee: War axe           |   107 |    81 |    78 ||   266
       Punch             |       |     1 |       ||     1
  Use: Scroll            |       |     8 |     3 ||    11
       Potion            |       |     3 |     1 ||     4
 Stab: Distracted        |       |     1 |       ||     1
Armor: Leather armour    |     6 |       |       ||     6
       Scale mail        |    56 |    30 |    26 ||   112
Dodge: Dodged            |    63 |    43 |    46 ||   152
Block: Other             |       |     2 |     2 ||     4
       Buckler           |       |       |    54 ||    54
